TOP OF THE 1ST |
Villanova Wildcats batting - Pitching for Georgetown Hoyas : RHP George Gore
|
Pitching: RHP George Gore
|
|
Batting: RHB Juan Romero
|
0-0: Called Strike 0-1: Ball 1-1: Called Strike 1-2: Ground out 1-3 (Groundball, 15)
|
Batting: SHB Will Combs
|
0-0: Ground out 4-3 (Groundball, 4)
|
Batting: RHB Robbie Anderson
|
0-0: Called Strike 0-1: DOUBLE (Flyball, 89XD)
|
Batting: RHB Steve Smith
|
0-0: Ball 1-0: Foul Ball, location: 2F 1-1: Ball 2-1: Ball 3-1: Foul Ball, location: 2F 3-2: Strikes out looking
|
Top of the 1st over - 0 run(s), 1 hit(s), 0 error(s), 1 left on base; Villanova 0 - Georgetown 0 |
BOTTOM OF THE 1ST |
Georgetown Hoyas batting - Pitching for Villanova Wildcats : RHP Dan Jones
|
Pitching: RHP Dan Jones
|
|
Batting: LHB Pedro Escobar
|
0-0: Called Strike 0-1: Called Strike 0-2: SINGLE (Groundball, 4MD)
|
Batting: LHB Preston Leach
|
0-0: Ball 1-0: Ball 2-0: Ball 3-0: Called Strike 3-1: Grounds into double play, 6-4-3 (Groundball, 6)
|
Batting: RHB Hubert MacDonald
|
0-0: Ball 1-0: Swinging Strike 1-1: Ball 2-1: Foul Ball, location: 2F 2-2: Foul Ball, location: 2F 2-2: Foul Ball, location: 2F 2-2: Ball 3-2: SINGLE (Flyball, 9LM)
|
Batting: RHB Glenn Rojas
|
0-0: Ball 1-0: Fly out, F8 (Flyball, 8RM)
|
Bottom of the 1st over - 0 run(s), 2 hit(s), 0 error(s), 1 left on base; Villanova 0 - Georgetown 0 |
TOP OF THE 2ND |
Villanova Wildcats batting - Pitching for Georgetown Hoyas : RHP George Gore
|
Batting: RHB Michael Boulanger
|
0-0: Called Strike 0-1: Called Strike 0-2: Foul Ball, location: 2F 0-2: Ball 1-2: Strikes out swinging
|
Batting: RHB Martín Flores
|
0-0: Foul Ball, location: 2F 0-1: Ball 1-1: Swinging Strike 1-2: Strikes out looking
|
Batting: RHB Jason Smith
|
0-0: Swinging Strike 0-1: Ball 1-1: Foul Ball, location: 2F 1-2: Ball 2-2: Foul Ball, location: 2F 2-2: Ball 3-2: Strikes out swinging
|
Top of the 2nd over - 0 run(s), 0 hit(s), 0 error(s), 0 left on base; Villanova 0 - Georgetown 0 |
BOTTOM OF THE 2ND |
Georgetown Hoyas batting - Pitching for Villanova Wildcats : RHP Dan Jones
|
Batting: LHB Chris Smith
|
0-0: Swinging Strike 0-1: Ball 1-1: Foul Ball, location: 2F 1-2: Ball 2-2: Ground out 5-3 (Groundball, 56)
|
Batting: SHB Chris Young
|
0-0: Ball 1-0: Ball 2-0: Called Strike 2-1: Called Strike 2-2: DOUBLE (Flyball, 7LM)
|
Batting: LHB Matt McCormick
|
0-0: Called Strike 0-1: Ball 1-1: Foul Ball, location: 2F 1-2: Strikes out looking
|
Batting: LHB Robert Lucas
|
0-0: Called Strike 0-1: 2-RUN HOME RUN (Flyball, 89XD), Distance : 369 ft
|
Batting: RHB Alex Vasser
|
0-0: Bunt for hit - play at first, batter OUT! 1-3
|
Bottom of the 2nd over - 2 run(s), 2 hit(s), 0 error(s), 0 left on base; Villanova 0 - Georgetown 2 |
TOP OF THE 3RD |
Villanova Wildcats batting - Pitching for Georgetown Hoyas : RHP George Gore
|
Batting: RHB Heath Hall
|
0-0: Ball 1-0: Ball 2-0: Foul Ball, location: 2F 2-1: Ball 3-1: Foul Ball, location: 2F 3-2: SINGLE (Groundball, 34D)
|
Batting: RHB Reynaldo Gómez
|
0-0: SINGLE (Flyball, 78S) Heath Hall to second
|
Batting: RHB Juan Romero
|
0-0: Foul Ball, location: 2F 0-1: Foul Ball, location: 2F 0-2: Strikes out looking
|
Batting: SHB Will Combs
|
0-0: Ball 1-0: Foul Ball, location: 2F 1-1: Foul Ball, location: 2F 1-2: Ball 2-2: Strikes out swinging
|
Batting: RHB Robbie Anderson
|
0-0: Swinging Strike 0-1: Called Strike 0-2: Strikes out swinging
|
Top of the 3rd over - 0 run(s), 2 hit(s), 0 error(s), 2 left on base; Villanova 0 - Georgetown 2 |
BOTTOM OF THE 3RD |
Georgetown Hoyas batting - Pitching for Villanova Wildcats : RHP Dan Jones
|
Batting: LHB Pedro Escobar
|
0-0: Called Strike 0-1: Ball 1-1: SINGLE (Flyball, 7S)
|
Batting: LHB Preston Leach
|
0-0: Ball 1-0: Ball 2-0: Called Strike 2-1: Fielders Choice at 2nd, 4-6 (Groundball, 4)
|
Batting: RHB Hubert MacDonald
|
0-0: Ball 1-0: Called Strike 1-1: Reached on error, E1 (Groundball, P) Preston Leach to second
|
Batting: RHB Glenn Rojas
|
0-0: SINGLE (Groundball, 56D) Preston Leach to third Hubert MacDonald to second Runner from 3rd tries for Home, throw and OUT!
|
Batting: LHB Chris Smith
|
0-0: Foul Ball, location: 2F 0-1: Ground out 4-3 (Groundball, 4S)
|
Bottom of the 3rd over - 0 run(s), 2 hit(s), 1 error(s), 2 left on base; Villanova 0 - Georgetown 2 |
TOP OF THE 4TH |
Villanova Wildcats batting - Pitching for Georgetown Hoyas : RHP George Gore
|
Batting: RHB Steve Smith
|
0-0: Ball 1-0: Foul Ball, location: 2F 1-1: Ball 2-1: Ball 3-1: Foul Ball, location: 2F 3-2: Base on Balls
|
Batting: RHB Michael Boulanger
|
0-0: 2-RUN HOME RUN (Flyball, 7LD), Distance : 336 ft
|
Batting: RHB Martín Flores
|
0-0: Ball 1-0: Foul Ball, location: 2F 1-1: Ball 2-1: Ball 3-1: Called Strike 3-2: SINGLE (Line Drive, 8LS)
|
Batting: RHB Jason Smith
|
0-0: Ball Martín Flores is caught stealing 2nd base 1-0: Ground out 6-3 (Groundball, 6)
|
Batting: RHB Heath Hall
|
0-0: Ball 1-0: Ball 2-0: Called Strike 2-1: Ball 3-1: Base on Balls
|
Batting: RHB Reynaldo Gómez
|
0-0: Called Strike 0-1: Ball 1-1: Ground out 1-3 (Groundball, 15S)
|
Top of the 4th over - 2 run(s), 2 hit(s), 0 error(s), 1 left on base; Villanova 2 - Georgetown 2 |
BOTTOM OF THE 4TH |
Georgetown Hoyas batting - Pitching for Villanova Wildcats : RHP Dan Jones
|
Batting: SHB Chris Young
|
0-0: Swinging Strike 0-1: Ball 1-1: Ball 2-1: Ball 3-1: Foul Ball, location: 2F 3-2: Ground out 3-1 (Groundball, 34)
|
Batting: LHB Matt McCormick
|
0-0: Ball 1-0: Swinging Strike 1-1: Ground out U3 (Groundball, 34)
|
Batting: LHB Robert Lucas
|
0-0: Called Strike 0-1: Foul Ball, location: 2F 0-2: Strikes out swinging
|
Bottom of the 4th over - 0 run(s), 0 hit(s), 0 error(s), 0 left on base; Villanova 2 - Georgetown 2 |
TOP OF THE 5TH |
Villanova Wildcats batting - Pitching for Georgetown Hoyas : RHP George Gore
|
Batting: RHB Juan Romero
|
0-0: Ball 1-0: Foul Ball, location: 2F 1-1: Called Strike 1-2: Ball 2-2: Foul Ball, location: 2F 2-2: Strikes out looking
|
Batting: SHB Will Combs
|
0-0: Ball 1-0: Called Strike 1-1: Swinging Strike 1-2: Foul Ball, location: 2F 1-2: Strikes out swinging
|
Batting: RHB Robbie Anderson
|
0-0: Ball 1-0: Called Strike 1-1: Called Strike 1-2: Hit by Pitch
|
Pitching: RHP Jon Jenkins
|
|
Batting: RHB Steve Smith
|
0-0: Ball 1-0: Called Strike 1-1: Ball 2-1: Fly out, F7 (Flyball, 7LMF)
|
Top of the 5th over - 0 run(s), 0 hit(s), 0 error(s), 1 left on base; Villanova 2 - Georgetown 2 |
BOTTOM OF THE 5TH |
Georgetown Hoyas batting - Pitching for Villanova Wildcats : RHP Dan Jones
|
Batting: RHB Alex Vasser
|
0-0: Ball 1-0: Foul Ball, location: 2F 1-1: Ball 2-1: Foul Ball, location: 2F 2-2: Ball 3-2: Base on Balls
|
Batting: LHB Pedro Escobar
|
0-0: Foul Ball, location: 2F 0-1: Ball 1-1: Called Strike 1-2: Foul Ball, location: 2F 1-2: Foul Ball, location: 2F 1-2: Strikes out looking
|
Batting: LHB Preston Leach
|
0-0: Ball 1-0: Foul Ball, location: 2F 1-1: Foul Ball, location: 2F 1-2: Fly out, F8 (Flyball, 8LM)
|
Batting: RHB Hubert MacDonald
|
0-0: Called Strike 0-1: Foul Ball, location: 2F 0-2: Ball 1-2: Foul Ball, location: 2F 1-2: Ball 2-2: Ball 3-2: Foul Ball, location: 2F 3-2: Foul Ball, location: 2F 3-2: Strikes out swinging, 2-3 out at first.
|
Bottom of the 5th over - 0 run(s), 0 hit(s), 0 error(s), 1 left on base; Villanova 2 - Georgetown 2 |
TOP OF THE 6TH |
Villanova Wildcats batting - Pitching for Georgetown Hoyas : RHP Jon Jenkins
|
Batting: RHB Michael Boulanger
|
0-0: Ball 1-0: Ball 2-0: Called Strike 2-1: Foul Ball, location: 2F 2-2: Hit by Pitch
|
Batting: RHB Martín Flores
|
0-0: Ball 1-0: Foul Ball, location: 2F 1-1: Ball 2-1: Foul Ball, location: 2F 2-2: Ball 3-2: Strikes out looking
|
Batting: RHB Jason Smith
|
0-0: Called Strike 0-1: Ball 1-1: Swinging Strike 1-2: Ball 2-2: Foul Ball, location: 2F 2-2: Strikes out swinging
|
Batting: RHB Heath Hall
|
0-0: Ball 1-0: Fly out, F7 (Flyball, 7LS)
|
Top of the 6th over - 0 run(s), 0 hit(s), 0 error(s), 1 left on base; Villanova 2 - Georgetown 2 |
BOTTOM OF THE 6TH |
Georgetown Hoyas batting - Pitching for Villanova Wildcats : RHP Dan Jones
|
Pitching: RHP Mathieu Bourbeau
|
|
Batting: RHB Glenn Rojas
|
0-0: Ball 1-0: Swinging Strike 1-1: Ball 2-1: Ball 3-1: Base on Balls
|
Batting: LHB Chris Smith
|
0-0: Ball 1-0: Ball 2-0: Foul Ball, location: 2F 2-1: SINGLE (Line Drive, 8LS) Glenn Rojas to second
|
Batting: SHB Chris Young
|
0-0: Foul Ball, location: 2F 0-1: Ball 1-1: Ball 2-1: Called Strike 2-2: Foul Ball, location: 2F 2-2: Fly out, F6 (Popup, 6MD)
|
Batting: LHB Matt McCormick
|
0-0: Called Strike 0-1: Called Strike 0-2: Ball 1-2: Strikes out looking
|
Batting: LHB Robert Lucas
|
0-0: Ball 1-0: Ball 2-0: Swinging Strike 2-1: Foul Ball, location: 2F 2-2: Fielders Choice at 2nd, 6-4 (Groundball, 6)
|
Bottom of the 6th over - 0 run(s), 1 hit(s), 0 error(s), 1 left on base; Villanova 2 - Georgetown 2 |
TOP OF THE 7TH |
Villanova Wildcats batting - Pitching for Georgetown Hoyas : RHP Jon Jenkins
|
Batting: RHB Reynaldo Gómez
|
0-0: Ball 1-0: Called Strike 1-1: Fly out, F9 (Flyball, 9LM)
|
Batting: RHB Juan Romero
|
0-0: Ball 1-0: SINGLE (Line Drive, 7LS)
|
Batting: SHB Will Combs
|
0-0: Ball 1-0: Foul Ball, location: 2F 1-1: Fielders Choice at 2nd, 6-4 (Groundball, 6)
|
Batting: RHB Robbie Anderson
|
0-0: Swinging Strike 0-1: Swinging Strike 0-2: Strikes out swinging
|
Top of the 7th over - 0 run(s), 1 hit(s), 0 error(s), 1 left on base; Villanova 2 - Georgetown 2 |
BOTTOM OF THE 7TH |
Georgetown Hoyas batting - Pitching for Villanova Wildcats : RHP Mathieu Bourbeau
|
Batting: RHB Alex Vasser
|
0-0: Ball 1-0: Swinging Strike 1-1: Ball 2-1: Foul Ball, location: 2F 2-2: Ball 3-2: Base on Balls
|
Batting: LHB Pedro Escobar
|
0-0: Ball 1-0: SINGLE (Groundball, 4D) Alex Vasser to second Throwing error, E9 Alex Vasser scores Pedro Escobar to second
|
Batting: LHB Preston Leach
|
0-0: Called Strike 0-1: Swinging Strike 0-2: Strikes out swinging
|
Batting: RHB Hubert MacDonald
|
0-0: Intentional Walk
|
Batting: RHB Glenn Rojas
|
0-0: Ball 1-0: Ball 2-0: Ball 3-0: Base on Balls Pedro Escobar to third Hubert MacDonald to second
|
Batting: LHB Chris Smith
|
0-0: Called Strike 0-1: Swinging Strike 0-2: Ball 1-2: Ball 2-2: Grounds into double play, 1-2-3 (Groundball, 15S)
|
Bottom of the 7th over - 1 run(s), 1 hit(s), 1 error(s), 2 left on base; Villanova 2 - Georgetown 3 |
TOP OF THE 8TH |
Villanova Wildcats batting - Pitching for Georgetown Hoyas : RHP Jon Jenkins
|
Now at 3B: Mitchell Pate
|
|
Batting: RHB Steve Smith
|
0-0: Ball 1-0: Called Strike 1-1: Foul Ball, location: 2F 1-2: Ball 2-2: Ball 3-2: Base on Balls
|
Batting: RHB Michael Boulanger
|
0-0: Called Strike 0-1: Ball 1-1: Foul Ball, location: 2F 1-2: Foul Ball, location: 2F 1-2: Ground out 6-3 (Groundball, 6S) Steve Smith to second
|
Batting: RHB Martín Flores
|
0-0: Ball 1-0: Foul Ball, location: 2F 1-1: Ball 2-1: Called Strike 2-2: Ball 3-2: Base on Balls
|
Pitching: RHP Ed Wilkerson
|
|
Batting: RHB Jason Smith
|
0-0: Called Strike 0-1: Foul Ball, location: 2F 0-2: Foul Ball, location: 2F 0-2: Ball 1-2: Foul Ball, location: 2F 1-2: Foul Ball, location: 2F 1-2: Ball 2-2: Foul Ball, location: 2F 2-2: Hit by Pitch Steve Smith to third Martín Flores to second
|
Batting: RHB Heath Hall
|
0-0: Ball 1-0: GRAND SLAM HOME RUN (Line Drive, 7D), Distance : 352 ft
|
Batting: RHB Reynaldo Gómez
|
0-0: Called Strike 0-1: Foul Ball, location: 2F 0-2: Foul Ball, location: 2F 0-2: Ball 1-2: Ball 2-2: DOUBLE (Line Drive, 89M)
|
Batting: RHB Juan Romero
|
0-0: Intentional Walk
|
Batting: SHB Will Combs
|
0-0: Ball 1-0: Called Strike 1-1: Called Strike Reynaldo Gómez steals 3rd base Juan Romero to second 1-2: Ground out 6-3 (Groundball, 6)
|
Batting: RHB Robbie Anderson
|
0-0: Ball 1-0: Foul Ball, location: 2F 1-1: Swinging Strike 1-2: Fly out, F8 (Flyball, 8RM)
|
Top of the 8th over - 4 run(s), 2 hit(s), 0 error(s), 2 left on base; Villanova 6 - Georgetown 3 |
BOTTOM OF THE 8TH |
Georgetown Hoyas batting - Pitching for Villanova Wildcats : RHP Mathieu Bourbeau
|
Pitching: RHP Felipe Pacheco
|
|
Batting: SHB Chris Young
|
0-0: Ball 1-0: Swinging Strike 1-1: Ball 2-1: Swinging Strike 2-2: Foul Ball, location: 2F 2-2: Fly out, F3 (Line Drive, 34)
|
Batting: LHB Matt McCormick
|
0-0: Called Strike 0-1: Ball 1-1: Ball 2-1: Called Strike 2-2: Foul Ball, location: 2F 2-2: Fly out, F8 (Flyball, 89M)
|
Batting: LHB Robert Lucas
|
0-0: Fly out, F7 (Flyball, 78M)
|
Bottom of the 8th over - 0 run(s), 0 hit(s), 0 error(s), 0 left on base; Villanova 6 - Georgetown 3 |
TOP OF THE 9TH |
Villanova Wildcats batting - Pitching for Georgetown Hoyas : RHP Ed Wilkerson
|
Batting: RHB Steve Smith
|
0-0: Ball 1-0: Ground out 6-3 (Groundball, 6)
|
Batting: RHB Michael Boulanger
|
0-0: Called Strike 0-1: Ball 1-1: Ball 2-1: Ball 3-1: Base on Balls
|
Batting: RHB Martín Flores
|
0-0: Ball 1-0: Ball Wild Pitch! Michael Boulanger to second 2-0: Foul Ball, location: 2F 2-1: Ball 3-1: Foul Ball, location: 2F 3-2: Foul Ball, location: 2F 3-2: DOUBLE (Line Drive, 5D) Michael Boulanger scores
|
Pitching: RHP Joe Adams
|
|
Batting: RHB Jason Smith
|
0-0: Foul Ball, location: 2F 0-1: Fly out, F9 (Flyball, 9LS)
|
Batting: RHB Heath Hall
|
0-0: Ball 1-0: Ball 2-0: Called Strike 2-1: Swinging Strike 2-2: Foul Ball, location: 2F 2-2: Strikes out swinging
|
Top of the 9th over - 1 run(s), 1 hit(s), 0 error(s), 1 left on base; Villanova 7 - Georgetown 3 |
BOTTOM OF THE 9TH |
Georgetown Hoyas batting - Pitching for Villanova Wildcats : RHP Felipe Pacheco
|
Pitching: RHP Armando López
|
|
Batting: RHB Alex Vasser
|
0-0: Ball 1-0: Swinging Strike 1-1: Swinging Strike 1-2: Fly out, F6 (Popup, 56D)
|
Batting: LHB Pedro Escobar
|
0-0: Ball 1-0: SINGLE (Line Drive, 8RS)
|
Batting: LHB Preston Leach
|
0-0: SINGLE (Flyball, 89M) Pedro Escobar to second Runner from 2nd tries for 3rd, SAFE, throw made to third
|
Batting: RHB Mitchell Pate
|
0-0: Ground out U3 (Groundball, 34) Pedro Escobar scores Preston Leach to second
|
Batting: RHB Glenn Rojas
|
0-0: Called Strike 0-1: Foul Ball, location: 2F 0-2: Strikes out swinging
|
Bottom of the 9th over - 1 run(s), 2 hit(s), 0 error(s), 1 left on base; Villanova 7 - Georgetown 4 |
|